 Dungeon Crawl Stone Soup version 0.21-a0-442-g848f44b (webtiles) character file.

53 tof the Twirler (level 3, -4/28 HPs)
             Began as a Demonspawn Gladiator on Nov 13, 2017.
             Slain by a gnoll (6 damage)
             ... on level 2 of the Dungeon.
             The game lasted 00:00:54 (1264 turns).

tof the Twirler (Demonspawn Gladiator)              Turns: 1264, Time: 00:00:55

Health: -4/28      AC:  4    Str: 14    XL:     3   Next: 62%
Magic:  3/3        EV: 13    Int:  9    God:
Gold:   75         SH:  0    Dex: 15    Spells: 2/2 levels left

rFire    . . .     SeeInvis .   a - +0 quarterstaff
rCold    . . .     Gourm    .   (shield currently unavailable)
rNeg     . . .     Faith    .   b - +0 leather armour
rPois    .         Spirit   .   c - +0 helmet
rElec    .         Reflect  .   (no cloak)
rCorr    .         Harm     .   (no gloves)
MR       .....                  (no boots)
Stlth    ++........             (no amulet)
HPRegen  0.09/turn              (no ring)
MPRegen  0.08/turn              (no ring)

@: no status effects
A: demonic guardian 1, nightstalker 1
a: no special abilities


You were on level 2 of the Dungeon.
You were very hungry.

You visited 1 branch of the dungeon, and saw 2 of its levels.

You collected 75 gold pieces.

Inventory:

Hand Weapons
 a - a +0 quarterstaff (weapon)
Missiles
 d - 3 throwing nets (quivered)
 g - 2 curare-tipped needles
 k - 10 poisoned needles
Armour
 b - a +0 leather armour (worn)
 c - a +0 helmet (worn)
Scrolls
 e - 2 scrolls of identify {unknown}
 h - 2 scrolls of teleportation {unknown}
 m - a scroll of remove curse {unknown}
Potions
 i - a potion of resistance {unknown}
 j - a potion of flight {unknown}
 l - 2 potions of curing {unknown}
Comestibles
 f - a bread ration


   Skills:
 + Level 2.5 Fighting
 * Level 3.4 Staves
 - Level 1.7 Throwing
 + Level 1.1 Armour
 + Level 3.0 Dodging


You had 2 spell levels left.
You didn't know any spells.

Dungeon Overview and Level Annotations

Branches:
Dungeon (2/15)

Altars:


Innate Abilities, Weirdness & Mutations

A weak demonic guardian rushes to your aid.
You are slightly more attuned to the shadows.


Message History

Your quasit barely misses the gnoll.
Your shadow imp hits the gnoll.
The gnoll hits you but does no damage.
Your quasit barely misses the gnoll.
Your quasit claws the gnoll but does no damage. x2
You sock the gnoll!
You kill the gnoll!
The gnoll hits you with a halberd!
You see here a gnoll corpse.
You hit the gnoll.
The gnoll is moderately wounded.
The gnoll hits you with a halberd.
* * * LOW HITPOINT WARNING * * *
The gnoll closely misses you.
You hit the gnoll but do no damage.
The gnoll is moderately wounded.
Your quasit bites the gnoll.
Your quasit closely misses the gnoll.
Your quasit claws the gnoll but does no damage.
The gnoll hits you with a halberd.
* * * LOW HITPOINT WARNING * * *
The gnoll hits you.
You die...

... ..# ##.# .# .# #
#.# r.. .##.
#.#.########.##>#..
#.#............... . #
#.........##....# ..
#. #.#####.##.gg.##...
#.##..........5@5.....
#...####.>......#...#
#.##.# #..###.).# .#
#. #.# #..# #.......#
# #.# #..# #..[....#
#####.# #..# #.....#.#
......####..# #.....#
# #####........
....... #####.####...
......#.


You could see 2 gnolls, a rat, a friendly quasit and a friendly shadow imp.

Vanquished Creatures
  A gnoll (D:2)
  A worm (D:2)
  A dart slug (D:1)
  A leopard gecko (D:1)
  2 giant cockroaches (D:1)
  A goblin (D:1)
  4 hobgoblins (D:1)
  5 kobolds (D:1)
  4 bats (D:1)
  3 rats (D:1)
23 creatures vanquished.

Vanquished Creatures (collateral kills)
  Terence (D:2)
1 creature vanquished.

Grand Total: 24 creatures vanquished

Notes
Turn   | Place    | Note
-------+----------+-------------------------------------------
     0 | D:1      | tof the Demonspawn Gladiator began the quest for the Orb.
     0 | D:1      | Reached XP level 1. HP: 16/16 MP: 1/1
   204 | D:1      | Gained mutation: You are slightly more attuned to the shadows. [demonic ancestry]
   204 | D:1      | Reached XP level 2. HP: 22/22 MP: 2/2
  1240 | D:2      | Gained mutation: A weak demonic guardian rushes to your aid. [demonic ancestry]
  1240 | D:2      | Reached XP level 3. HP: 28/28 MP: 3/3
  1247 | D:2      | Noticed Terence
  1258 | D:2      | Killed Terence
  1258 | D:2      | Reached skill level 1 in Armour
  1264 | D:2      | Slain by a gnoll

Vault maps used:
D:1:      elethiomel_arrival_shortcut
D:2:      kennysheep_generic_room_3, uniq_terence

Skill      XL: |  1  2  3 |
---------------+----------+-----
Staves         | 3 |  3.4
Dodging        | 3 |  3.0
Armour         | 1 |  1.1
Fighting       | |  2.5
Throwing       | |  1.7

Action                   || total
-------------------------++-------
Melee: Quarterstaff      ||    65
 Stab: Sleeping          ||     3
Armor: Leather armour    ||    20
Dodge: Dodged            ||    26

Table legend:
 A = Spawn XP
 B = Non-spawn XP
 C = Spawn XP percentage of total XP
 D = Spawn monster count
 E = Non-spawn monster count
 F = Spawn count percentage of total count
 G = Total turns spent on level
                    A         B        C        D         E        F      G
               +---------+---------+-------+---------+---------+-------+---------
         Total |       0 |      76 |   0.0 |       0 |      24 |   0.0 |  1264
               +---------+---------+-------+---------+---------+-------+---------
           D:1 |       0 |      39 |   0.0 |       0 |      21 |   0.0 |  1219
           D:2 |       0 |      37 |   0.0 |       0 |       3 |   0.0 |    45
               +---------+---------+-------+---------+---------+-------+---------
